Cogmind - Beta 15 @@@ ROGUE MODE // 2025.07.25 @ 15:14:56 Player: P9H Result: Destroyed by Y-54 Guardian with Flak Gun Performance ------------- Evolutions (3) 1500 Regions Visited (6) 1200 Robots Destroyed (52) 260 Value Destroyed (1835) 1835 Prototype IDs (3) 60 Alien Tech Used (0) 0 Bonus (109) 109 TOTAL SCORE: 4964 Bonus ------- Follower Combat Kills 116 Friendly Fire -7 Cogmind --------- Core Integrity 0/700 Matter 187/300 Energy 6/100 System Corruption 8% Temperature Cool (18) Movement Core (400) Ox7 Location -7/Factory Parts ------- > --- POWER (1) -------- (None) > --- PROPULSION (5) --- (None) > --- UTILITY (5) ------ Huge Storage Unit Advanced Weight Redist. System Advanced Targeting Computer Target Analyzer > --- WEAPON (2) ------- Heavy EM Shotgun Flak Gun > --- INVENTORY (25) --- Deuterium Engine Light Nuclear Core Improved Deuterium Engine Micro Nuclear Core VTOL Module VTOL Module VTOL Module Coolant Injector Medium Battery (150) Armor Integrity Analyzer Weapon Cycler High-powered Tractor Beam Plasma Cannon Gauss Rifle Gauss Cannon Heavy Hammer Katana Katana Chainsword Peak State ------------ > --- POWER ------------ Light Nuclear Core > --- PROPULSION ------- Armored Wheel Gravmag System Flight Unit Flight Unit VTOL Module > --- UTILITY ---------- Huge Storage Unit Armor Integrity Analyzer Hardened Medium Armor Plating Improved Light Armor Plating Improved Medium Armor Plating > --- WEAPON ----------- Katana Chainsword > --- INVENTORY -------- Deuterium Engine Light Deuterium Engine Light Nuclear Core Improved Deuterium Engine Flight Unit VTOL Module VTOL Module VTOL Module Coolant Injector Medium Battery Advanced Weight Redist. System Target Analyzer Armor Integrity Analyzer Improved Light Armor Plating Improved Medium Armor Plating Insulated Plating High-powered Tractor Beam Heavy EM Shotgun Flak Gun Flak Cannon Gauss Cannon EMP Blaster Katana Katana Katana [Rating: 42] Favorites ----------- Power Reinforced Ion Engine Engine Reinforced Ion Engine Power Core Micro Nuclear Core Propulsion Flight Unit Wheel Wheel Hover Unit Airjet Flight Unit Flight Unit Utility Improved Light Armor Plating Device Weight Redist. System Storage Huge Storage Unit Processor Armor Integrity Analyzer Protection Improved Light Armor Plating Weapon Katana Energy Gun Heavy EM Shotgun Ballistic Gun Assault Rifle Ballistic Cannon Flak Cannon Launcher EMP Blaster Slashing Weapon Katana Build | -11 -10 -10 -9 -9 -8 -7 ------- Run | Yrd Mat Min Mat Min Mat Fac Slots Evolved 6 | . . . 2 . 2 2 Power . | . . . . . . . Propulsion 3 | . . . 1 . 1 1 Utility 3 | . . . 1 . 1 1 Weapon . | . . . . . . . Parts Attached 68 | 6 3 . 9 1 17 32 Power 8 | 1 1 . 1 . 1 4 Engine 6 | 1 1 . 1 . 1 2 Core 2 | . . . . . . 2 Reactor . | . . . . . . . Propulsion 21 | 2 . . 3 . 7 9 Treads . | . . . . . . . Leg . | . . . . . . . Wheel 9 | 2 . . . . 1 6 Hover 6 | . . . 3 . 2 1 Flight 6 | . . . . . 4 2 Utility 21 | 1 1 . 3 . 5 11 Device 3 | . 1 . . . . 2 Storage 3 | 1 . . 1 . 1 . Processor 3 | . . . . . . 3 Hackware . | . . . . . . . Protection 12 | . . . 2 . 4 6 Artifact . | . . . . . . . Weapon 18 | 2 1 . 2 1 4 8 Energy Gun 2 | 1 . . . . . 1 Energy Cannon . | . . . . . . . Ballistic Gun 6 | 1 . . . . 2 3 Ballistic Cannon 2 | . . . . . . 2 Launcher 3 | . 1 . . . 2 . Special Weapon . | . . . . . . . Impact Weapon . | . . . . . . . Slashing Weapon 5 | . . . 2 1 . 2 Piercing Weapon . | . . . . . . . Special Melee Weapon . | . . . . . . . Unidentified Prototypes 3 | . . . . . 1 2 Parts Lost 36 | . 2 . . . 9 25 Power 3 | . . . . . 1 2 Propulsion 17 | . 1 . . . 5 11 Utility 12 | . . . . . 3 9 Weapon 4 | . 1 . . . . 3 Highest Loss Streak 8 | . 2 . . . 3 8 To Critical Strikes . | . . . . . . . Average Backups 19 | 2 7 8 10 15 17 24 Power 3 | . 2 1 1 1 2 4 Propulsion 2 | . . . . 2 1 4 Utility 6 | . . 3 3 6 6 7 Weapon 7 | . 4 4 5 6 7 8 Tool/Special . | . . . . . . . Unused Backups 26 | . 1 1 1 . 3 20 Power 10 | . 1 . . . 2 7 Propulsion 2 | . . . . . . 2 Utility 8 | . . . . . . 8 Weapon 6 | . . 1 1 . 1 3 Tool/Special . | . . . . . . . Average Slot Usage (%) 92 | . 92 85 86 100 87 96 Engine 6 | . 14 14 11 11 9 3 Core 1 | . . . . . . 3 Wheel 15 | . 22 14 6 . 7 18 Hover 4 | . . . 13 33 16 . Flight 9 | . . . . . 2 16 Device 5 | . 12 14 11 11 7 2 Storage 8 | . 14 14 11 11 9 7 Processor 4 | . . . . . . 7 Protection 16 | . . . 11 11 17 19 Ballistic Gun 2 | . 8 14 7 . . . Launcher 2 | . 11 14 7 . . . Slashing Weapon 12 | . . . 7 22 17 13 Peak Build Rating 42 | 6 10 9 24 25 31 42 Average Rating 29 | 3 9 9 15 24 26 36 On Entrance 14 | . 6 9 9 24 25 30 Naked Turns . | . . . . . . . Heaviest Build 118 | 14 16 14 34 35 109 118 Greatest Support 49 | 26 32 22 30 30 38 49 Greatest Overweight (x) 29 | 1 . . 2 1 4 29 Average Overweight (x) 2 | . . . . 1 1 3 Largest Inventory Capacity 25 | 8 8 8 15 15 25 25 Average Capacity 21 | 6 8 8 12 15 22 25 Most Carried 25 | 5 8 8 15 15 25 25 Average Carried 19 | 2 7 7 10 14 17 24 Final Capacity 25 | 8 8 8 15 15 25 25 Final Carried 25 | 2 8 8 15 15 25 19 Class Distribution -------------------- 59% | Mutant 39% | Scavenger-Mutant Dominant Class ---------------- Mutant | -10/Materials Mutant | -10/Mines Mutant | -9/Materials Mutant | -9/Mines Mutant | -8/Materials Scavenger-Mutant | -7/Factory Resources | -11 -10 -10 -9 -9 -8 -7 ----------- Run | Yrd Mat Min Mat Min Mat Fac Matter Collected 1279 | 184 14 . 115 . 311 655 Remotely . | . . . . . . . Salvage Created 1702 | . 73 . . . 812 817 Parts 109 | . 9 . . . 44 56 Haulers Intercepted 1 | . . . . . 1 . Recyclers Shooed 1 | . 1 . . . . . Parts Field Recycled . | . . . . . . . Retrieved Matter . | . . . . . . . Parts Self-Destructed . | . . . . . . . Prevented . | . . . . . . . Kills | -11 -10 -10 -9 -9 -8 -7 ------- Run | Yrd Mat Min Mat Min Mat Fac Combat Hostiles Destroyed 42 | . 4 . . . 17 21 Melee 27 | . . . . . 15 12 Guns 3 | . 1 . . . . 2 Cannons 4 | . . . . . . 4 AOE 8 | . 3 . . . 2 3 Classes Destroyed 12 | . 3 . . . 4 5 Worker 2 | . . . . . . 2 Builder 1 | . . . . . . 1 Tunneler 2 | . . . . . 1 1 Hauler 1 | . . . . . 1 . Operator 4 | . 1 . . . 3 . Swarmer 10 | . 3 . . . 4 3 Cutter 3 | . . . . . . 3 Grunt 18 | . 1 . . . 10 7 Brawler 1 | . . . . . . 1 Sentry 3 | . . . . . 2 1 Hunter 3 | . . . . . 1 2 Programmer 4 | . . . . . . 4 Best Kill Streak 4 | . 4 . . . 4 3 Combat Bots Only 4 | . 4 . . . 4 3 Max Kills in Single Turn 3 | . 3 . . . 3 3 Gunslinging . | . . . . . . . Exploded 3 | . 3 . . . 1 3 Melee 1 | . . . . . 1 1 Uniques/NPCs Destroyed . | . . . . . . . Combat | -11 -10 -10 -9 -9 -8 -7 -------- Run | Yrd Mat Min Mat Min Mat Fac Hostile Shots Fired 429 | . 16 . 10 . 69 334 Missed 121 | . 2 . 4 . 13 102 Hits 308 | . 14 . 6 . 56 232 Melee 4 | . . . . . . 4 Projectile 304 | . 14 . 6 . 56 228 AOE 3 | . . . . . . 3 Critical Strikes 5 | . . . 1 . 1 3 Damage Taken 4757 | . 336 . 113 . 790 3518 Core 948 | . 128 . 14 . 106 700 Absorbed by Shields . | . . . . . . . Core Remaining (%) 81 | 100 . 48 . 96 80 . Volleys Fired 49 | . 10 . 1 . 9 29 Largest 2 | . 2 . 2 . 2 2 Hottest 90 | . 83 . 53 . 51 90 Shots Fired 80 | . 20 . 2 . 12 46 Gun 34 | . 10 . 1 . 9 14 Cannon 31 | . . . . . . 31 Launcher 15 | . 10 . 1 . 3 1 Special . | . . . . . . . Kinetic 50 | . 4 . 1 . 9 36 Thermal 6 | . 6 . . . . . Explosive . | . . . . . . . Electromagnetic 24 | . 10 . 1 . 3 10 Robot Hit Streak 11 | . 3 . 5 . 6 11 Robot Miss Streak 12 | . 5 . . . 3 12 Penetration Max . | . . . . . . . Secondary Targets 1 | . . . . . . 1 Max Gunslinging Chain 1 | . . . . . . 1 Shots Hit Robots 135 | . 8 . 6 . 42 79 Core Hits 79 | . 9 . . . 21 49 Critical Kills . | . . . . . . . Critical Parts Destroyed . | . . . . . . . Critical Strikes 7 | . . . . . 5 2 Blast 1 | . . . . . . 1 Sever 6 | . . . . . 5 1 Melee Attacks 118 | . . . 5 . 50 63 Impact . | . . . . . . . Slashing 118 | . . . 5 . 50 63 Piercing . | . . . . . . . Sneak Attacks 7 | . . . . . 3 4 Combat Hostiles . | . . . . . . . Follow-up Attacks 10 | . . . . . 5 5 Damage Inflicted 5158 | . 312 . 182 . 2131 2533 Guns 254 | . 40 . 12 . 65 137 Cannons 375 | . . . . . . 375 Explosions 1328 | . 272 . 43 . 575 438 Melee 3201 | . . . 127 . 1491 1583 Ramming . | . . . . . . . Kinetic 556 | . 27 . 12 . 65 452 Thermal 454 | . 13 . . . 45 396 Explosive 481 | . 68 . . . 413 . Electromagnetic 466 | . 204 . 43 . 117 102 Impact . | . . . . . . . Slashing 3201 | . . . 127 . 1491 1583 Piercing . | . . . . . . . Highest Corruption 8 | . 2 2 . . . 8 Average Corruption 2 | . 1 2 . . . 2 Corruption Purged . | . . . . . . . Corruption Blocked . | . . . . . . . Effects 26 | . 3 7 . . . 16 Message Errors 7 | . 1 3 . . . 3 Matter Fused 6 | . . 1 . . . 5 Heat Flow Errors 2 | . . . . . . 2 Energy Discharges 3 | . . 2 . . . 1 Parts Rejected 1 | . . . . . . 1 Parts Fused 1 | . . . . . . 1 Data Loss (minor) 6 | . 2 1 . . . 3 Overload Shots . | . . . . . . . Overflow Damage 607 | . 25 . . . 347 235 Projectiles 7 | . . . . . . 7 Explosions 266 | . 25 . . . 86 155 Melee 334 | . . . . . 261 73 Knockbacks 10 | . . . . . . 10 Impact . | . . . . . . . Kinetic 10 | . . . . . . 10 Secondary . | . . . . . . . Self-Inflicted Damage 408 | . 216 . 19 . . 173 Shots 11 | . 7 . 1 . . 3 Rammed . | . . . . . . . Targets Rammed . | . . . . . . . Kicked . | . . . . . . . Crushed . | . . . . . . . Highest Temperature 239 | . 42 . . . 27 239 Average Temperature 56 | . 16 . . . 9 72 Received Heat Transfer 1149 | . 24 . 36 . 342 747 Effects 1 | . . . . . . 1 Energy Bleed 1 | . . . . . . 1 Siege Activations . | . . . . . . . Martial Activations . | . . . . . . . Shielding Activations . | . . . . . . . Robots Disrupted . | . . . . . . . Combat Hostiles . | . . . . . . . Robots Corrupted . | . . . . . . . Combat Hostiles . | . . . . . . . Parts Fried . | . . . . . . . Impact Corruptions . | . . . . . . . Robots Melted . | . . . . . . . Combat Hostiles . | . . . . . . . Parts Melted 1 | . . . . . . 1 Heat Transferred 337 | . 37 . . . 50 250 Parts Sabotaged . | . . . . . . . Parts Stolen . | . . . . . . . Parts Stripped . | . . . . . . . Power Chain Reactions 3 | . . . . . 3 . Alert | -11 -10 -10 -9 -9 -8 -7 ------- Run | Yrd Mat Min Mat Min Mat Fac Maximum Alert Level . | . . . . . . . Low Security (%) 100 | 100 100 100 100 100 100 100 Level 1 . | . . . . . . . Level 2 . | . . . . . . . Level 3 . | . . . . . . . Level 4 . | . . . . . . . Level 5 . | . . . . . . . High Security . | . . . . . . . Max Security . | . . . . . . . Peak Influence 162 | . 162 51 117 37 130 125 Initial 51 | . . 51 . 37 . 24 Average 38 | . 73 7 22 19 53 38 Influence Increases 1530 | . 222 . 117 . 502 689 Destroy 0b10 Robot/C 920 | . 80 . 80 . 340 420 Destroy 0b10 Robot/NC 50 | . 5 . . . 25 20 Destroy Leader 242 | . 20 . 30 . 82 110 Allied During Kill 7 | . . . 7 . . . Disable Machine 165 | . 90 . . . 30 45 Destroy Structure 56 | . 27 . . . 10 19 Partial Spotted 15 | . . . . . 15 . Lose Combat Pursuer 75 | . . . . . . 75 Influence Decreases 1497 | . 90 132 20 97 447 711 Entered New Map 172 | . . 81 . 60 . 31 Time Decay 995 | . 70 51 20 37 367 450 Lost Part 330 | . 20 . . . 80 230 Squads Dispatched 19 | . 3 . 2 . 4 10 Investigation 2 | . 1 . . . . 1 Extermination 5 | . . . . . . 5 Reinforcement 11 | . 2 . 2 . 3 4 Assault . | . . . . . . . Garrison 1 | . . . . . 1 . Intercept . | . . . . . . . Searches Triggered . | . . . . . . . Construction Impeded . | . . . . . . . Haulers Reinforced . | . . . . . . . Active Scanning Responses . | . . . . . . . Cargo Convoy Interrupts 1 | . . . . . . 1 Stealth | -11 -10 -10 -9 -9 -8 -7 --------- Run | Yrd Mat Min Mat Min Mat Fac Distress Signals 5 | . . . 1 . 2 2 Communications Jammed . | . . . . . . . Distress Signals . | . . . . . . . Times Spotted 67 | . 8 . 7 . 21 31 Peak Tracking Total 5 | . 4 . 3 . 5 4 Tactical Retreats 4 | . . . . . . 4 Traps | -11 -10 -10 -9 -9 -8 -7 ------- Run | Yrd Mat Min Mat Min Mat Fac Traps Triggered 4 | . 3 . . . 1 . Indirectly 3 | . 3 . . . . . Trap Hack Attempts . | . . . . . . . Triggered . | . . . . . . . Disarmed . | . . . . . . . Reprogrammed . | . . . . . . . Reused . | . . . . . . . Traps Extracted . | . . . . . . . Installed . | . . . . . . . Triggered . | . . . . . . . Machines | -11 -10 -10 -9 -9 -8 -7 ---------- Run | Yrd Mat Min Mat Min Mat Fac Machines Disabled 11 | . 6 . . . 2 3 Max in Single Turn 3 | . 3 . . . 2 3 Garrison Access 1 | . . . . . 1 . Machines Repaired . | . . . . . . . Machines Dismantled . | . . . . . . . Machines Sabotaged . | . . . . . . . Overloaded Fab Kills . | . . . . . . . Hacking | -11 -10 -10 -9 -9 -8 -7 --------- Run | Yrd Mat Min Mat Min Mat Fac Machines Accessed 4 | . . . . 1 1 2 Terminals 2 | . . . . . . 2 Fabricators . | . . . . . . . Repair Stations . | . . . . . . . Recycling Units . | . . . . . . . Scanalyzers . | . . . . . . . Garrison Access 1 | . . . . . 1 . Total Hacks 6 | . . . . 1 1 4 Successful 4 | . . . . 1 1 2 Failed 2 | . . . . . . 2 Catastrophic 2 | . . . . . . 2 Database Lockouts . | . . . . . . . Manual 4 | . . . . . . 4 Terminals 4 | . . . . . . 4 Fabricators . | . . . . . . . Repair Stations . | . . . . . . . Recycling Units . | . . . . . . . Scanalyzers . | . . . . . . . Garrison Access 1 | . . . . . 1 . Terminal Hacks 3 | . . . . 1 . 2 Record 2 | . . . . . . 2 Open Door 1 | . . . . 1 . . Fabricator Hacks . | . . . . . . . Repair Station Hacks . | . . . . . . . Recycling Unit Hacks . | . . . . . . . Scanalyzer . | . . . . . . . Garrison Access Hacks 1 | . . . . . 1 . Seal Access 1 | . . . . . 1 . Unauthorized Hacks . | . . . . . . . Terminals . | . . . . . . . Fabricators . | . . . . . . . Repair Stations . | . . . . . . . Recycling Units . | . . . . . . . Scanalyzers . | . . . . . . . Garrison Access . | . . . . . . . Data Cores Recovered . | . . . . . . . Used . | . . . . . . . Hacking Detections 2 | . . . . . . 2 Full Trace Events 1 | . . . . . . 1 Feedback Events . | . . . . . . . Feedback Blocked . | . . . . . . . Robot Schematics Acquired . | . . . . . . . Robots Built . | . . . . . . . Authchips . | . . . . . . . Time . | . . . . . . . Total Robot Build Rating . | . . . . . . . Part Schematics Acquired . | . . . . . . . Parts Built . | . . . . . . . Authchips . | . . . . . . . Time . | . . . . . . . Total Part Build Rating . | . . . . . . . Parts Repaired . | . . . . . . . Time . | . . . . . . . Parts Recycled . | . . . . . . . Recycled Matter . | . . . . . . . Retrieved Matter . | . . . . . . . Retrieved Components . | . . . . . . . Parts Scanalyzed . | . . . . . . . Part Schematics Acquired . | . . . . . . . Parts Damaged . | . . . . . . . Bothacking | -11 -10 -10 -9 -9 -8 -7 ------------ Run | Yrd Mat Min Mat Min Mat Fac Used RIF Installer . | . . . . . . . Robots Hacked . | . . . . . . . Non-combat . | . . . . . . . Combat . | . . . . . . . Robot Hacks Applied . | . . . . . . . Relay Couplers Released . | . . . . . . . Fabnet Peak Effective % . | . . . . . . . Robots Rewired . | . . . . . . . Allies Hacked . | . . . . . . . Hacks Repelled . | . . . . . . . Allies | -11 -10 -10 -9 -9 -8 -7 -------- Run | Yrd Mat Min Mat Min Mat Fac Total Allies 1 | . . 1 . . . . Largest Group 1 | . . 1 1 . . . Highest-Rated Group 31 | . . 31 31 . . . Highest-Rated Ally 31 | . . 31 31 . . . Total Orders . | . . . . . . . Ally Attacks 11 | . . . 11 . . . Total Damage 168 | . . . 168 . . . Kills 4 | . . . 4 . . . Allies Corrupted . | . . . . . . . Allies Melted . | . . . . . . . Intel | -11 -10 -10 -9 -9 -8 -7 ------- Run | Yrd Mat Min Mat Min Mat Fac Active Infowar (turns) . | . . . . . . . Robot Analysis Total . | . . . . . . . Derelict Logs Recovered . | . . . . . . . Drone Launches . | . . . . . . . Drone Recoveries . | . . . . . . . Exploration | -11 -10 -10 -9 -9 -8 -7 ------------- Run | Yrd Mat Min Mat Min Mat Fac Turns Passed 4631 | 51 166 430 238 87 976 2683 Spaces Moved 2189 | 52 128 163 177 72 518 1079 Core 24 | 24 . . . . . . Treads . | . . . . . . . Legs . | . . . . . . . Wheels 1727 | 28 128 163 107 . 225 1076 Hover 435 | . . . 70 72 293 . Flight 3 | . . . . . . 3 Fastest Speed 48 | 50 90 100 52 112 48 95 Average Speed 132 | 75 94 100 101 112 141 147 Slowest Speed 2365 | 100 100 100 185 112 296 2365 Overloaded Moves . | . . . . . . . Propulsion Burnouts . | . . . . . . . Robots Hopped . | . . . . . . . Potential Cave-ins . | . . . . . . . Cave-ins Triggered 1 | . . . . . . 1 Exploration Rate (%) 26 | 2 33 36 21 17 50 28 Regions Visited 6 Branch Regions 2 Pre-discovered Areas . | . . . . . . . Known Exits Taken . | . . . . . . . Unknown Exits Taken 6 | 1 1 1 1 1 1 . Scrap Searched . | . . . . . . . Spaces Dug . | . . . . . . . Terrain Destroyed 63 | . 29 . . . 7 27 Melee . | . . . . . . . Projectile 3 | . . . . . . 3 AOE 60 | . 29 . . . 7 24 Terrain Rammed . | . . . . . . . Walls Destroyed . | . . . . . . . Machines Disabled . | . . . . . . . Actions | -11 -10 -10 -9 -9 -8 -7 --------- Run | Yrd Mat Min Mat Min Mat Fac Total 3675 | 62 153 430 225 79 681 2045 Wait 1124 | . . 266 17 2 64 775 Move 2183 | 51 127 162 176 71 517 1079 Hop . | . . . . . . . Pick Up 81 | 5 10 1 11 2 23 29 Fast Attach 13 | 3 . . 3 . 2 5 Attach 35 | 3 2 . 1 . 10 19 Detach . | . . . . . . . Swap 50 | . 2 . 5 1 12 30 Drop 40 | . 2 1 6 3 4 24 Fire 49 | . 10 . 1 . 9 29 Melee 100 | . . . 5 . 40 55 Ram . | . . . . . . . Kick . | . . . . . . . Crush . | . . . . . . . Escape Stasis . | . . . . . . . Rewire . | . . . . . . . Trap . | . . . . . . . Miscellaneous . | . . . . . . . Route ------- -11/Scrapyard -10/Materials -10/Mines -9/Materials -9/Mines -8/Materials -7/Factory History --------- Turn | Location | Event 7 | -11/Scrapyard | Discovered new exit (range 16) 52 | -11/Scrapyard | Entered Materials 161 | -10/Materials | Core integrity fell below 50% 195 | -10/Materials | Discovered new exit (range 13) 218 | -10/Materials | Entered Mines 307 | -10/Mines | Met a Derelict bent on vengeance 316 | -10/Mines | Build established: Mutant 602 | -10/Mines | Discovered new exit (range 7) 605 | -10/Mines | Received a Mining Laser from a helpful Derelict 648 | -10/Mines | Entered Materials 648 | -9/Materials | Accompanied by 1 ally 648 | -9/Materials | Evolved 2 slots: Propulsion x1, Utility x1 807 | -9/Materials | Discovered new exit (range 7) 886 | -9/Materials | Entered Mines 907 | -9/Mines | Met a Derelict who couldn't figure out how to use a Trap Extractor 939 | -9/Mines | Discovered new exit (range 16) 947 | -9/Mines | Received a Rocket Launcher from a helpful Derelict 973 | -9/Mines | Entered Materials 973 | -8/Materials | Evolved 2 slots: Propulsion x1, Utility x1 1148 | -8/Materials | Garrison activated, responded to threat 1654 | -8/Materials | Lost 3 parts (2n1u) 1915 | -8/Materials | Discovered new exit (range 12) 1949 | -8/Materials | Entered Factory 1949 | -7/Factory | Evolved 2 slots: Propulsion x1, Utility x1 3016 | -7/Factory | Build established: Scavenger-Mutant 3190 | -7/Factory | Cargo convoy interrupted 3529 | -7/Factory | Lost 3 parts (1n2u) 3908 | -7/Factory | Lost 3 parts (3u) 4532 | -7/Factory | Crushed by falling debris 4532 | -7/Factory | Core integrity fell below 50% 4563 | -7/Factory | Lost 8 parts (4n2u2w) 4614 | -7/Factory | Core integrity fell below 20% 4632 | -7/Factory | Destroyed by Y-54 Guardian with Flak Gun Last Messages --------------- 04544_ System corrupted: Component data lost. 04566_ Acquired Weapon Cycler. 04572_ Acquired Plasma Cannon. 04580_ HU|TG6SCSWSUOYQ9:BWFQA,KW>X 04584_ Slug penetrates Wall. 04587_ Penetrated by Slug. 04587_ Imp. Deuterium Engine destroyed. 04595_ System corrupted: Component data lost. 04595_ Slug penetrates Wall. 04598_ Penetrated by Slug. 04608_ Wheel destroyed. 04608_ Penetrated by Slug. 04614_ Wheel destroyed. 04620_ Slug penetrates Wall. 04622_ System corrupted: Flak Gun rejected. 04623_ Penetrated by Slug. 04626_ Force Booster destroyed. 04628_ H-55 Commando destroyed. 04629_ Lgt. Deuterium Engine destroyed. 04629_ Katana destroyed. Map ----- +----------------------------------------------------+ | ???????????????????????????????? | | ???????????????????????????????? | | ???????????????????????????????? | | ???????????????????????????????? | | ???????????????????????????????? | | ?????????????????????? ???????? | | ?????????????????????? " ?????? | | ?????????????????????? ?????? | | ?????????????????????# ?????? | | ?????????????????????# #?????? | | ?????????????????????# #?????? | | ?????????????????????# #?????? | | ?????????????????????# #?????? | | ?????????????????????# #?????? | | ?????????????????????# ####??? | | ?????????????????????#^ ^^^#??? | | ?????????????????????# ^ ^#??? | | ?????????????????????# #??? | | ?????????????????????# #??? | | ?????????????????????# #??? | | ???????????###+###???# #??? | | ############ #???# #??? | | ##### #??? | | T #??? | | ######## #??? | | #########+## #??????#@Y #??? | | ??# ### ###?######/# #??? | | ??# """ #?# #???# """=%# #??? | | #?# """ #?# ##### """ # #??? | | ## """ #?# / """ # #??? | | " #?# ##### # #??? | | ########### #???# # #??? | | #???# # #??? | | * #"######### #######+#### #??? | | "#???????# *!/ #??? | | # ??????# !!/ #??? | | #""" ????# // #??? | | #""" ??# #??? | | #"?" #?# #??? | | " # ? ! #?# ####??? | | " # !?? #?# """ """ #?????? | | ###?##+##### """ """ ##????? | | ??? """ """ #????? | | #??? ###### | | ???? # # | | ???? # # | | ?????#############" # # | | ??????????########" # # | | ??????????# + + # | | ??????????+ ## ## # | +----------------------------------------------------+ Best States ------------- Heat Dissipation 34 Energy Generation 16 Energy Capacity 290 Matter Stores 300 Matter Capacity 300 Sight Range 16 Terrain Scan Density 10 Additional Mass Support 9 Armor Coverage 600 Evasion (%) 55 Targeting Accuracy 8 Target Analysis 5 Armor Integrity Analysis 30 Force Boost 20 Item Schematics ----------------- None Robot Schematics ------------------ None Fabricated ------------ Nothing Repaired ---------- Nothing Alien Tech Used ----------------- None Achievements -------------- None Challenges ------------ None Game ------ Seed BeamSmartbombSink Manual? 0 Play Time 00:40:31 Cumulative 45.5 hours Start 2025.07.25 @ 14:27:09 End 2025.07.25 @ 15:14:56 Sessions 1 Manual Loads 0 Difficulty Rogue Special Mode None Game No. 91 Rogue 91 Adventurer 0 Explorer 0 Win Type - Total 0 Types 0/0/0/0/0/0/0/0/0/0 Lore% 8 Gallery% 29 Achievement% 25 Wizard Run 0 Options --------- Layout 1 ASCII 0 Keyboard 0 Movement Mouse Keybinds 0 Fullscreen 2 Font 32/SmallcapsGlow Map View 50x35 Zoom Use 0% Tactical HUD 1 Map Filters NONE Filters NONE Steam 1 RUN: a4a336c4-61df-4204-9a93-9a525360ec45